 Dungeon Crawl Stone Soup version 0.18.1-8-gdd0e5ea (webtiles) character file.

6986 Gagarin the Blocker (level 10, -7/90 HPs)
             Began as a Minotaur Fighter on June 7, 2016.
             Was a High Priest of Okawaru.
             Engulfed by a cloud of flame (16 damage)
             ... in a volcano.
             The game lasted 00:22:58 (6823 turns).

Gagarin the Blocker (Minotaur Fighter)              Turns: 6823, Time: 00:22:59

Health: -7/90      AC: 12    Str: 24    XL:     10   Next: 81%
Magic:  9/9        EV: 18    Int:  6    God:    Okawaru [*****.]
Gold:   396        SH: 20    Dex:  9    Spells: 0 memorised, 9 levels left

rFire  . . .     SeeInvis .     a - +2 war axe
rCold  . . .     Gourm    .     b - +0 scale mail
rNeg   . . .     Faith    .     N - +2 large shield
rPois  .         Spirit   .     (helmet restricted)
rElec  .         Dismiss  .     J - +0 cloak
rCorr  .         Reflect  .     s - +1 pair of gloves
SustAt .         Harm     .     (no boots)
MR     +....                    e - amulet of regeneration
Stlth  ..........               M - ring of Shaolin {EV+8}
                                k - ring of protection from magic

@: somewhat resistant to hostile enchantments, extremely unstealthy
A: retaliatory headbutt, horns 2
a: Heroism, Finesse, Renounce Religion


You were in a volcano.
You worshipped Okawaru.
Okawaru was extremely pleased with you.
You were hungry.

You visited 3 branches of the dungeon, and saw 11 of its levels.
You also visited: Volcano.

You collected 396 gold pieces.

Inventory:

Hand Weapons
 a - a +2 war axe (weapon)
 K - a +4 hand axe of holy wrath
Missiles
 m - 6 javelins of returning (quivered)
Armour
 b - a +0 scale mail (worn)
 s - a +1 pair of gloves (worn)
 J - a +0 cloak (worn)
 N - a +2 large shield (worn)
 Z - a steam dragon hide
Jewellery
 e - an amulet of regeneration (around neck)
 k - a ring of protection from magic (left hand)
 l - an uncursed amulet of guardian spirit {unknown}
 D - an uncursed ring of sustain attributes
 F - a +4 ring of evasion
 G - an uncursed amulet of rage
 M - the ring of Shaolin (right hand) {EV+8}
   (You found it on level 5 of the Dungeon)

   [ring of evasion]

   It affects your evasion (+8).
 Q - an uncursed ring of see invisible
 T - an uncursed ring of protection from magic
 V - an uncursed ring of magical power
 X - an uncursed amulet of faith {unknown}
Wands
 h - a wand of flame (30/48)
 w - a wand of confusion (28/48)
 x - a wand of disintegration (9/24)
 A - a wand of random effects (25/48)
 S - a wand of iceblast (9/15)
 U - a wand of iceblast (7/15)
Scrolls
 g - a scroll of remove curse
 q - 2 scrolls of fog
 r - 3 scrolls of teleportation
 v - 3 scrolls of identify
 B - 3 scrolls of magic mapping
 L - 2 scrolls of vulnerability {unknown}
 O - a scroll of enchant armour {unknown}
Potions
 j - a potion of flight {unknown}
 n - a potion of cure mutation {unknown}
 o - 2 potions of mutation {unknown}
 p - a potion of resistance {unknown}
 t - a potion of cancellation {unknown}
 y - a potion of haste {unknown}
 z - a potion of lignification {unknown}
 C - 3 potions of brilliance {unknown}
 E - 4 potions of curing {unknown}
 H - a potion of ambrosia {unknown}
 I - a potion of berserk rage {unknown}
 P - 2 potions of agility {unknown}
 R - a potion of heal wounds
 W - a potion of magic {unknown}
Comestibles
 c - 4 fruits
 f - 8 bread rations
 i - 2 meat rations
 u - 2 beef jerkies


   Skills:
 + Level 8.4 Fighting
 + Level 9.6 Axes
 + Level 8.3 Armour
 + Level 8.0 Dodging
 + Level 0.8 Stealth
 + Level 11.3 Shields


You had 9 spell levels left.
You didn't know any spells.

Dungeon Overview and Level Annotations

Branches:
Dungeon (9/15)             Temple (1/1) D:4            Lair (1/8) D:9
    Orc (0/2) D:9

Altars:
Ashenzari
Cheibriados
Dithmenos
Elyvilon
Fedhas
Gozag
Kikubaaqudgha
Makhleb
Nemelex Xobeh
Okawaru
Pakellas
Qazlal
Ru
Sif Muna
Trog
Vehumet
Xom
Yredelemnul
Zin
The Shining One

Shops:
D:7 (


Innate Abilities, Weirdness & Mutations

You reflexively headbutt those who attack you in melee.
You have a pair of horns on your head.


Message History

You slash the fire elemental!
You destroy the fire elemental!
You are engulfed in roaring flames.
* * * LOW HITPOINT WARNING * * *
You are engulfed in roaring flames.
* * * LOW HITPOINT WARNING * * *
There are monsters nearby!
You block the fire vortex's attack.
You are engulfed in roaring flames.
* * * LOW HITPOINT WARNING * * *
Drink which item? (? for menu, Esc to quit)
You feel much better.
You are feeling hungry.
You are engulfed in roaring flames.
* * * LOW HITPOINT WARNING * * *
There is an open door here.
You are engulfed in roaring flames.
* * * LOW HITPOINT WARNING * * *
You are engulfed in roaring flames.
You die...

#§§§§≈≈#
≈≈≈...# #§§≈≈#
.≈..#
#..###..#
###§#+#
##§#.##
##.§##.###
##.≈≈≈##..#
###§≈≈≈≈§##.##
#.@§≈§≈≈≈#...#
###§≈≈≈§≈#..##
#..≈≈≈##.##
###'###)##
##..###).##
##.........##
#...∩...∩...#
#..........##
##§≈≈≈≈≈§§§#


There were no monsters in sight!

Vanquished Creatures
  The ghost of Scarto the Skirmisher, a novice DsFi of Makhleb (D:8)
  A cyclops (D:8)
  Joseph (Lair:1)
  2 molten gargoyles (Volcano)
  3 komodo dragons (Lair:1)
  A troll (D:9)
  Grinder (D:4)
  Prince Ribbit (D:8)
  A spriggan (D:7)
  2 fire elementals (Volcano)
  A hippogriff (D:8)
  A steam dragon (D:8)
  2 orc warriors (D:9)
  An ice beast (D:9)
  A sky beast (D:8)
  2 ogres
  A wasp (D:8)
  A centaur (D:7)
  3 phantoms
  A big kobold (D:7)
  6 giant frogs
  5 scorpions
  12 killer bees
  A centaur zombie (D:8)
  3 crimson imps (D:7)
  5 hounds
  A giant frog skeleton (D:4)
  A centaur skeleton (D:6)
  3 orc priests (D:6)
  2 jellies
  An orc wizard (D:6)
  An iguana (Lair:1)
  2 worker ants
  2 hound zombies (D:6)
  2 hound skeletons
  Robin (D:3)
  11 adders
  A shadow imp (D:5)
  An ooze (D:3)
  An adder zombie (D:8)
  2 worms (D:3)
  2 dart slugs
  3 giant geckos
  27 orcs
  3 bats
  5 giant cockroaches
  20 goblins
  4 hobgoblins
  10 kobolds
  A quokka (D:4)
  2 ball pythons
  A giant gecko skeleton (D:6)
  6 giant newts
  A jackal skeleton (D:8)
  2 quokka skeletons
  7 rats
  A fire vortex (Volcano)
187 creatures vanquished.

Vanquished Creatures (others)
  2 fire vortices (Volcano)
2 creatures vanquished.

Grand Total: 189 creatures vanquished

Notes
Turn   | Place    | Note
--------------------------------------------------------------
     0 | D:1      | Gagarin the Minotaur Fighter began the quest for the Orb.
     0 | D:1      | Reached XP level 1. HP: 19/19 MP: 0/0
   210 | D:1      | Reached XP level 2. HP: 25/27 MP: 1/1
  1150 | D:2      | Reached XP level 3. HP: 29/33 MP: 2/2
  1164 | D:2      | Reached skill level 4 in Shields
  1317 | D:2      | Found a shimmering altar of Xom.
  1395 | D:2      | Reached XP level 4. HP: 41/41 MP: 3/3
  1580 | D:3      | Found a bloodstained altar of Trog.
  1637 | D:3      | Reached skill level 1 in Dodging
  1805 | D:3      | Found a stormy altar of Qazlal.
  1915 | D:3      | Noticed Robin
  1923 | D:3      | Killed Robin
  1980 | D:3      | Found a bloodstained altar of Trog.
  1983 | D:3      | Found a shadowy altar of Dithmenos.
  1986 | D:3      | Found a white marble altar of Elyvilon.
  2162 | D:4      | Found a staircase to the Ecumenical Temple.
  2173 | Temple   | Entered the Ecumenical Temple
  2270 | Temple   | Became a worshipper of Warmaster Okawaru
  2346 | D:4      | Reached XP level 5. HP: 39/47 MP: 4/4
  2378 | D:4      | Reached skill level 5 in Armour
  2671 | D:4      | Reached skill level 5 in Shields
  2671 | D:4      | Reached XP level 6. HP: 53/53 MP: 5/5
  2720 | D:4      | Noticed Grinder
  2737 | D:4      | Paralysed by Grinder for 2 turns
  2743 | D:4      | Killed Grinder
  2743 | D:4      | Reached * piety under Okawaru
  2743 | D:4      | Reached skill level 5 in Fighting
  2868 | D:4      | Reached XP level 7. HP: 61/61 MP: 6/6
  2972 | D:4      | Found a glowing silver altar of Zin.
  3220 | D:5      | Entered Level 5 of the Dungeon
  3281 | D:5      | Found a deep blue altar of Sif Muna.
  3457 | D:5      | Found a glowing golden altar of the Shining One.
  3557 | D:5      | Reached skill level 5 in Axes
  3962 | D:6      | Reached skill level 6 in Shields
  4083 | D:6      | Found a snail-covered altar of Cheibriados.
  4095 | D:6      | Reached ** piety under Okawaru
  4126 | D:6      | Reached XP level 8. HP: 68/69 MP: 7/7
  4775 | D:7      | Found a burning altar of Makhleb.
  4780 | D:7      | Reached skill level 7 in Shields
  4945 | D:7      | Found Egoc's Weapon Shop.
  5043 | D:7      | Reached skill level 5 in Dodging
  5198 | D:7      | Reached *** piety under Okawaru
  5198 | D:7      | Reached XP level 9. HP: 63/78 MP: 8/8
  5336 | D:8      | Reached skill level 8 in Shields
  5367 | D:8      | Noticed Scarto's ghost (novice DsFi)
  5461 | D:8      | Killed Scarto's ghost
  5461 | D:8      | Reached skill level 9 in Shields
  5496 | D:8      | Reached **** piety under Okawaru
  5588 | D:8      | Noticed a cyclops
  5599 | D:8      | Killed a cyclops
  5710 | D:8      | Reached skill level 10 in Shields
  5737 | D:8      | Reached XP level 10. HP: 86/86 MP: 9/9
  5787 | D:8      | Noticed Prince Ribbit
  5811 | D:8      | Killed Prince Ribbit
  5903 | D:9      | Found an opulent altar of Gozag.
  5944 | D:9      | Reached ***** piety under Okawaru
  5947 | D:9      | Found a staircase to the Orcish Mines.
  6075 | D:9      | Found a shadowy altar of Dithmenos.
  6113 | D:9      | Found a staircase to the Lair.
  6122 | Lair:1   | Entered Level 1 of the Lair of Beasts
  6237 | Lair:1   | Received a gift from Okawaru
  6343 | Lair:1   | Noticed Joseph
  6357 | Lair:1   | Killed Joseph
  6357 | Lair:1   | Reached skill level 11 in Shields
  6453 | Lair:1   | Found a dark tunnel.
  6463 | Volcano  | Entered a volcano
  6475 | Volcano  | Noticed a molten gargoyle
  6475 | Volcano  | Noticed a molten gargoyle
  6484 | Volcano  | Killed a molten gargoyle
  6487 | Volcano  | Killed a molten gargoyle
  6521 | Volcano  | Noticed a lindwurm
  6807 | Volcano  | HP: 4/90 [something (27)]
  6823 | Volcano  | Engulfed by a cloud of flame

Skill      XL: |  1  2  3  4  5  6  7  8  9 10 |
---------------+-------------------------------+-----
Fighting       | 4 5 6 7 8 |  8.4
Armour         | 4 5 6 7 8 |  8.3
Shields        | 4 5 6 7 10 11 | 11.3
Dodging        | 1 2 3 5 6 8 |  8.0
Axes           | 3 4 5 7 8 9 |  9.6
Stealth        | |  0.8

Action                   |  1- 3 |  4- 6 |  7- 9 | 10-12 || total
-------------------------+-------+-------+-------+-------++-------
Melee: War axe           |    97 |   101 |   301 |   152 ||   651
       Headbutt          |     8 |    13 |    57 |    24 ||   102
Throw: Tomahawk          |       |       |       |     4 ||     4
       Javelin           |       |       |       |     2 ||     2
  Use: Scroll            |       |     2 |     6 |     3 ||    11
       Potion            |       |     1 |       |     2 ||     3
  Eat: Chunk             |     2 |     5 |     9 |     2 ||    18
       Pizza             |       |       |       |     1 ||     1
Armor: Scale mail        |    34 |    55 |    73 |    15 ||   177
Dodge: Dodged            |    22 |    42 |   171 |    76 ||   311
Block: Shield            |    44 |    59 |   116 |       ||   219
       Large shield      |       |       |   117 |   148 ||   265
